 Dungeon Crawl Stone Soup version 0.32-a0-913-g739538afd8 (webtiles) character file.

Game seed: 15383388899438701863

4150 pokedragonboy the Covert (level 10, 0/54 HPs)
             Began as a Vampire Enchanter on Apr 8, 2024.
             Was a Believer of Kikubaaqudgha.
             Slain by a yak (2 damage)
             ... on level 1 of the Lair of Beasts.
             The game lasted 00:28:45 (9004 turns).

pokedragonboy the Covert (Vampire Enchanter)        Turns: 9004, Time: 00:28:46

Health: 0/54       AC:  4    Str: 12    XL:     10   Next: 7%
Magic:  3/18       EV: 14    Int: 20    God:    Kikubaaqudgha [**....]
Gold:   343        SH:  0    Dex: 20    Spells: 5/20 levels left

rFire   . . .        b - +6 short sword "Etikki" {heavy, Str+5 Dex+3}
rCold   + + .        (no shield)
rNeg    + + +        o - +0 leather armour
rPois   ∞            (no helmet)
rElec   .            (no cloak)
rCorr   +            D - +0 pair of gloves
SInv    +            (no boots)
Will    ++...        C - amulet of faith
Stlth   ++++++       p - ring of willpower
HPRegen 0.00/turn    I - ring of resist corrosion
MPRegen 0.16/turn

%: faith
@: about to teleport, animating dead, bloodless, inhibited regen
A: bloodless, fangs 3, see invisible, vampiric 2
a: Bat Form, Revivify, Renounce Religion, Unearth Wretches


You were on level 1 of the Lair of Beasts.
You worshipped Kikubaaqudgha.
Kikubaaqudgha was pleased with you.
You visited 3 branches of the dungeon, and saw 11 of its levels.

You collected 567 gold pieces.
You spent 224 gold pieces at shops.

Inventory:

Hand Weapons
 a - a +1 dagger of venom
 b - the +6 short sword "Etikki" (weapon) {heavy, Str+5 Dex+3}
   (You bought it in a shop on level 7 of the Dungeon)

   Str+5:     It affects your strength (+5).
   Dex+3:     It affects your dexterity (+3).
 G - a +1 dagger of speed
 M - a +0 rapier
Missiles
 u - 3 throwing nets (quivered)
Armour
 o - a +0 leather armour (worn)
 s - a +0 robe
 B - a +0 buckler
 D - a +0 pair of gloves (worn)
Jewellery
 j - a ring of fire
 p - a ring of willpower (left hand)
 y - a ring of protection from cold
 C - an amulet of faith (around neck)
 H - a ring of ice
 I - a ring of resist corrosion (right hand)
Wands
 A - a wand of polymorph (9)
 J - a wand of quicksilver (4)
 K - a wand of iceblast (4)
Scrolls
 d - 2 scrolls of enchant armour {unknown}
 e - a scroll of butterflies {unknown}
 g - a scroll of noise {unknown}
 k - 2 scrolls of immolation
 n - 3 scrolls of vulnerability {unknown}
 r - 2 scrolls of revelation
 v - a scroll of enchant weapon {unknown}
 F - a scroll of blinking {unknown}
Potions
 c - 4 potions of invisibility
 f - 3 potions of haste
 h - 2 potions of lignification {unknown}
 i - 3 potions of mutation {unknown}
 m - 3 potions of brilliance
 q - 2 potions of might {unknown}
 w - 3 potions of curing
 x - a potion of heal wounds {unknown}
 z - 2 potions of resistance {unknown}
 E - a potion of magic {unknown}
 L - a potion of cancellation {unknown}


   Skills:
 + Level 2.4 Fighting
 - Level 7.0 Short Blades
 + Level 6.3 Dodging
 - Level 10.0 Stealth
 + Level 5.5 Spellcasting
 - Level 10.0 Hexes
 + Level 5.7 Necromancy


You had 5 spell levels left.
You knew the following spells:

 Your Spells              Type           Power      Damage    Failure   Level
a - Ensorcelled Hibernat  Hex/Ice        50%        N/A       2%          2
b - Tukima's Dance        Hex            45%        N/A       1%          3
c - Dazzling Flash        Conj/Hex       50%        N/A       5%          3
q - Animate Dead          Necr           28%        N/A       13%         4
v - Vampiric Draining     Necr           28%        2d8       3%          3

Your spell library contained the following spells:

 Spells                   Type           Power      Damage    Failure   Level
 Sublimation of Blood     Necr           28%        N/A       1%          2
 Confusing Touch          Hex            45%        N/A       1%          3
 Kiss of Death            Conj/Necr      68%        2d10      4%          1
 Dispel Undead            Necr           28%        3d13      13%         4
 Sting                    Conj/Alch      20%        1d4       14%         1
 Call Imp                 Summ           10%        N/A       22%         2
 Mercury Vapours          Alch/Air       10%        N/A       22%         2
 Hailstorm                Conj/Ice       5%         3d5       38%         3
 Summon Ice Beast         Ice/Summ       5%         N/A       38%         3
 Olgreb's Toxic Radiance  Alch           5%         N/A       80%         4
 Permafrost Eruption      Ice/Erth       2%         2x4d2     100%        6
 Sculpt Simulacrum        Ice/Alch       2%         N/A       100%        6
 Summon Hydra             Summ           2%         N/A       100%        7


Dungeon Overview and Level Annotations

Branches:
Dungeon (9/15)             Temple (1/1) D:4            Lair (1/5) D:8
    Orc: D:9-12

Altars:
Ashenzari
Cheibriados
Dithmenos
Fedhas
Gozag
Hepliaklqana
Kikubaaqudgha
Makhleb
Nemelex Xobeh
Okawaru
Qazlal
Ru
Sif Muna
Trog
Uskayaw
Vehumet
Xom
Yredelemnul

Shops:
D:2 *   D:7 (

Annotations:
Lair:1 exclusion: oklob plant


Innate Abilities, Weirdness & Mutations

You do not regenerate when monsters are visible.
You are frail without blood (-20% HP).
You can heal yourself when you bite living creatures.
You are immune to poison.
You have razor-sharp teeth.
You have supernaturally acute eyesight. (SInv)
You are afflicted with vampirism and can become a bat while bloodless.


Message History

Press: ? - help, Shift-Dir - straight line, f/p - yak
Aim: a yak (lightly wounded, chance to affect: 56%)
The yak resists with significant effort.
The yak gores you.
* * * LOW HITPOINT WARNING * * *
Casting: Ensorcelled Hibernation (safe; 2% risk of failure)
Confirm with . or Enter, or press ? or * to list all spells.
Aiming: Ensorcelled Hibernation (safe; 2% risk of failure)
Press: ? - help, Shift-Dir - straight line, f/p - yak
Aim: a yak (lightly wounded, chance to affect: 56%)
The yak resists with significant effort.
The yak gores you.
* * * LOW HITPOINT WARNING * * *
Your magical contamination has completely faded away.
Okay, then.
Casting: Ensorcelled Hibernation (safe; 2% risk of failure)
Confirm with . or Enter, or press ? or * to list all spells.
You don't have enough magic to cast this spell.
Unknown command.
As you read the scroll of fear, it crumbles to dust.
You assume a fearsome visage.
The yak looks frightened!
The yak seems to regain its courage.
As you read the scroll of teleportation, it crumbles to dust.
You feel strangely unstable.
Your surroundings suddenly seem different.
A water moccasin and 5 yaks come into view.
Found a wand of quicksilver (7) and 4 poisoned darts.
Found a potion of curing.
The water moccasin hisses angrily. x2; The yak bellows!
The yak closely misses you.
The yak bellows! x2
Unknown command.
As you read the scroll of teleportation, it crumbles to dust.
You feel strangely unstable.
The yak bellows!
The water moccasin closely misses you. The yak gores you.
* * * LOW HITPOINT WARNING * * *
The yak gores you.
You die...
Kikubaaqudgha rasps: You have failed me!
Welcome... oblivion!

### ## ##.##
##..###...##
......../..# #
#.........##.#
.......SYY...#
#......S@YYY#.#
#..........#.#
#.........(#
#...........#
............#
.............
P............#
.........!..#


You could see 5 yaks and 2 water moccasins.

Vanquished Creatures
  A catoblepas (Lair:1)
  A cane toad (Lair:1)
  A black mamba (Lair:1)
  A komodo dragon (Lair:1)
  Jeremiah (D:8)
  Menkaure (D:5)
  3 water moccasins
  An orc warrior (D:8)
  2 sky beasts
  3 wolves (Lair:1)
  A centaur (D:8)
  4 bullfrogs
  3 scorpions
  5 killer bees (D:7)
  4 bombardier beetles
  2 jellies
  A howler monkey (D:8)
  An orc priest (D:8)
  A gnoll bouda (D:8)
  A sleepcap (D:4)
  2 orc wizards
  2 iguanas
  9 gnolls
  10 adders
  A white imp (D:8)
  2 ufetubi (D:4)
  3 ribbon worms
  2 dart slugs
  9 orcs
  5 ball pythons
  4 endoplasms
  2 giant cockroaches
  7 goblins
  5 hobgoblins
  4 jackals (D:4)
  4 quokkas
  5 bats
  2 frilled lizards
  7 kobolds
  4 rats (D:1)
127 creatures vanquished.

Vanquished Creatures (collateral kills)
  A wight (D:8)
  2 gnolls (D:8)
3 creatures vanquished.

Grand Total: 130 creatures vanquished

Notes
Turn   | Place    | Note
-------+----------+-------------------------------------------
     0 | D:1      | pokedragonboy the Vampire Enchanter began the quest for the
                  | Orb.
     0 | D:1      | Reached XP level 1. HP: 13/13 MP: 3/3
   224 | D:1      | Reached XP level 2. HP: 15/15 MP: 5/5
   341 | D:1      | Learned a level 2 spell: Ensorcelled Hibernation
   440 | D:1      | Reached skill level 5 in Stealth
   731 | D:1      | Reached skill level 5 in Hexes
  1080 | D:2      | Found Jietifre's General Store.
  1143 | D:2      | Gained mutation: You are afflicted with vampirism and can
                  | become a bat while bloodless. [Vampire growth]
  1143 | D:2      | Reached XP level 3. HP: 7/19 MP: 6/6
  1933 | D:3      | Learned a level 3 spell: Tukima's Dance
  1976 | D:3      | Found an ancient bone altar of Kikubaaqudgha.
  1989 | D:3      | Became a worshipper of Kikubaaqudgha
  2061 | D:3      | Reached XP level 4. HP: 14/24 MP: 7/7
  2719 | D:4      | Found a staircase to the Ecumenical Temple.
  2723 | D:4      | Noticed a scorpion
  3037 | D:4      | Reached XP level 5. HP: 28/28 MP: 8/8
  3622 | D:4      | Found a bloodstained altar of Trog.
  3804 | D:4      | Reached XP level 6. HP: 32/32 MP: 9/9
  3959 | D:5      | Entered Level 5 of the Dungeon
  3990 | D:5      | Found a broken altar of Ashenzari.
  4134 | D:5      | Found an iron altar of Okawaru.
  4146 | D:5      | Noticed Menkaure
  4382 | D:5      | Found a blossoming altar of Fedhas.
  4622 | D:5      | Reached * piety under Kikubaaqudgha
  4622 | D:5      | Received a gift from Kikubaaqudgha
  4690 | D:5      | Found a snail-covered altar of Cheibriados.
  5119 | D:5      | Found a shimmering blue altar of Sif Muna.
  5357 | D:6      | Reached XP level 7. HP: 36/36 MP: 10/10
  5608 | D:6      | Found a hazy altar of Hepliaklqana.
  5954 | D:7      | Found Coroecu's Antique Weapon Boutique.
  5969 | D:7      | Bought a slimy short sword for 224 gold pieces
  5969 | D:7      | Identified the +6 short sword "Etikki" {heavy, Str+5 Dex+3}
                  | (You bought it in a shop on level 7 of the Dungeon)
  6202 | D:7      | Reached skill level 10 in Stealth
  6264 | D:7      | Reached XP level 8. HP: 41/41 MP: 11/11
  6444 | D:7      | Found an opulent altar of Gozag.
  6719 | D:8      | Reached skill level 10 in Hexes
  6766 | D:8      | Noticed Jeremiah
  6770 | D:8      | Killed Jeremiah
  6771 | D:8      | Reached skill level 5 in Short Blades
  6771 | D:8      | Reached skill level 1 in Necromancy
  6914 | D:8      | Reached ** piety under Kikubaaqudgha
  6932 | D:8      | Found a staircase to the Lair.
  6938 | D:8      | Learned a level 4 spell: Animate Dead
  6942 | D:8      | Learned a level 3 spell: Vampiric Draining
  7287 | D:8      | Reached XP level 9. HP: 43/45 MP: 11/14
  7394 | D:8      | Found a sacrificial altar of Ru.
  7394 | D:8      | Found a shadowy altar of Dithmenos.
  7564 | Temple   | Entered the Ecumenical Temple
  7679 | D:5      | Killed Menkaure
  8028 | Lair:1   | Entered Level 1 of the Lair of Beasts
  8083 | Lair:1   | Noticed a komodo dragon
  8176 | Lair:1   | Killed a komodo dragon
  8179 | Lair:1   | Reached skill level 5 in Dodging
  8520 | Lair:1   | Found a broken altar of Ashenzari.
  8521 | Lair:1   | Noticed an oklob plant
  8529 | Lair:1   | Noticed a black mamba
  8533 | Lair:1   | Noticed a cane toad
  8539 | Lair:1   | Noticed a catoblepas
  8546 | Lair:1   | Killed a catoblepas
  8547 | Lair:1   | Reached skill level 1 in Fighting
  8547 | Lair:1   | Reached skill level 5 in Spellcasting
  8547 | Lair:1   | Reached skill level 5 in Necromancy
  8774 | Lair:1   | Killed a black mamba
  8957 | Lair:1   | Killed a cane toad
  8958 | Lair:1   | Reached XP level 10. HP: 54/54 MP: 16/18
  8963 | Lair:1   | Learned a level 3 spell: Dazzling Flash
  9004 | Lair:1   | HP: 2/54 [yak (5)]
  9004 | Lair:1   | Slain by a yak

Illustrated notes

Levels and vault maps discovered:
D:1:      psy_arrival_basics, layout_basic, serial_bayou_lake_a
D:2:      layout_basic, serial_shops, nicolae_shop_gibbet_a_chance
D:3:      layout_loops_ring, marbit_many_paths, minivault_5
D:4:      layout_cave_pools, trog_hazing_becter, minmay_temple_entry_mist,
          small_statue_intersection
D:5:      layout_loops_corners, nicolae_ashenzari_panopticon,
          mainiacjoe_overflow_alcove_2, lemuel_tele_altar, slow_altar_2,
          amcnicky_altar_gilded, uniq_menkaure
D:6:      layout_basic, kennysheep_mini, mainiacjoe_overflow_tiny_flanked
D:7:      layout_loops_ring, mainiacjoe_overflow_paths, nicolae_stop_n_shop_1,
          ebering_dispersal_statue_hall
D:8:      layout_rooms, overflow_temple_1_default, elyvilon_altar_3,
          nicolae_overflow_two_pavilions, kennysheep_generic_room_11,
          uniq_jeremiah
D:9:      layout_roguey, nzn_wu_jian_contemplation
Temple:   nicolae_temple_little_seven
Lair:1:   layout_cave_shapes, lemuel_oklob_altar, grunt_megastairs_4

Skill      XL: |  1  2  3  4  5  6  7  8  9 |
---------------+----------------------------+-----
Stealth        | 5 6 7 8 10 | 10.0
Hexes          | 5 6 7 8 9 10 | 10.0
Short Blades   | 2 3 4 6 7 |  7.0
Necromancy     | 3 5 |  5.7
Dodging        | 4 6 |  6.3
Spellcasting   | 3 5 |  5.5
Fighting       | 2 |  2.4

Action                     |  1- 3 |  4- 6 |  7- 9 | 10-12 || total
---------------------------+-------+-------+-------+-------++-------
  Melee: Dagger            |   122 |   101 |    12 |       ||   235
         Bite              |     7 |     6 |     5 |     1 ||    19
         Short sword       |       |       |    68 |     6 ||    74
   Cast: Ensorcelled Hiber |       |    20 |    44 |     3 ||    67
         Tukima's Dance    |       |       |     4 |       ||     4
         Vampiric Draining |       |       |     6 |     1 ||     7
         Animate Dead      |       |       |       |     1 ||     1
         Dazzling Flash    |       |       |       |     1 ||     1
Ability: Exsanguinate      |     1 |       |       |       ||     1
  Evoke: Wand              |       |       |     3 |       ||     3
    Use: Scroll            |     3 |     2 |     5 |     4 ||    14
         Potion            |     1 |     1 |       |       ||     2
   Stab: Sleeping          |    20 |    34 |    34 |       ||    88
 Armour: Robe              |    58 |     3 |       |       ||    61
         Leather armour    |       |    56 |    59 |    12 ||   127
  Dodge: Dodged            |    58 |    40 |    61 |     9 ||   168

Table legend: (Time is in decaauts)
 A = Elapsed time spent in this place.
 B = Non-inter-level travel time spent in this place.
 C = Inter-level travel time spent in this place.
 D = Time resting spent in this place.
 E = Time spent auto-exploring this place.
 F = Levels seen in this place.
 G = Mean time per level.
                   A        B        C        D        E       F      G
               +--------+--------+--------+--------+--------+-----+--------+
         Total |   8966 |   8389 |    577 |   2060 |   4760 |  11 |  815.1 |
       Dungeon |   8103 |   7527 |    576 |   1461 |   4700 |   9 |  900.3 |
        Temple |      1 |      1 |      0 |      0 |      0 |   1 |    1.0 |
          Lair |    861 |    861 |      0 |    599 |     60 |   1 |  861.0 |
               +--------+--------+--------+--------+--------+-----+--------+

Top non-repeatable levels by time:
     D:5: 1475 daAuts
     D:4: 1423 daAuts
     D:1: 961 daAuts
     D:3: 960 daAuts
     D:8: 887 daAuts
     D:2: 861 daAuts
  Lair:1: 861 daAuts
     D:7: 799 daAuts
     D:6: 733 daAuts
  Temple: 1 daAuts
     D:9: 1 daAuts
